 Dungeon Crawl Stone Soup version 0.28.0-1-gb440e238dd (webtiles) character file.

Game seed: 4982258691693293015

175 mortz the Conjurer (level 5, -1/35 HPs)
             Began as a Human Conjurer on Feb 23, 2022.
             Was a Follower of Okawaru.
             Slain by Robin (4 damage)
             ... on level 4 of the Dungeon.
             The game lasted 00:18:11 (4143 turns).

mortz the Conjurer (Human Conjurer)                 Turns: 4143, Time: 00:18:11

Health: -1/35      AC: 19    Str:  7    XL:     5   Next: 86%
Magic:  10/10      EV:  2    Int: 20    God:    Okawaru [*.....]
Gold:   99         SH:  0    Dex: 18    Spells: 7/10 levels left

rFire   . . .      SeeInvis .   n - +0 flail (protect)
rCold   . . .      Faith    .   (no shield)
rNeg    . . .      Spirit   .   q - +2 chain mail {Will+}
rPois   .          Reflect  .   t - +0 helmet
rElec   .          Harm     .   j - +0 cloak
rCorr   .          Rampage  .   (no gloves)
Will    +....                   (no boots)
Stlth   ..........              m - amulet of magic regeneration
HPRegen 0.11/turn               d - +6 ring of dexterity
MPRegen 0.52/turn               (no ring)

@: under a protective aura
A: no striking features
a: Renounce Religion, Heroism


You were on level 4 of the Dungeon.
You worshipped Okawaru.
Okawaru was aware of your devotion.
You visited 1 branch of the dungeon, and saw 4 of its levels.

You collected 99 gold pieces.

Inventory:

Hand Weapons
 c - a +0 dagger
 f - a +0 spear
 i - a +0 short sword
 n - a +0 flail of protection (weapon)
 s - a +0 long sword
Missiles
 b - 99 stones (quivered)
 v - 12 sling bullets
Armour
 a - a +0 robe
 h - a +0 ring mail
 j - a +0 cloak (worn)
 k - a +0 leather armour
 q - a +2 chain mail of willpower (worn)
 t - a +0 helmet (worn)
Jewellery
 d - a +6 ring of dexterity (left hand)
 m - an amulet of magic regeneration (around neck)
Wands
 l - a wand of flame (12)
 u - a wand of polymorph (4)
Scrolls
 e - 2 scrolls of teleportation {unknown}
 r - 2 scrolls of identify {unknown}
Potions
 g - 2 potions of curing {unknown}
 p - a potion of berserk rage {unknown}


   Skills:
 + Level 0.3 Fighting
 + Level 0.7 Maces & Flails
 + Level 0.6 Armour
 + Level 2.3 Dodging
 + Level 2.4 Stealth
 + Level 3.4 Spellcasting
 + Level 5.2 Conjurations


You had 7 spell levels left.
You knew the following spells:

 Your Spells              Type           Power      Damage    Failure   Level
a - Magic Dart            Conj           96%        1d7       99%         1
b - Searing Ray           Conj           48%        2d6       100%        2

Your spell library contained the following spells:

 Spells                   Type           Power      Damage    Failure   Level
 Dazzling Flash           Conj/Hex       26%        N/A       100%        3
 Inner Flame              Hex/Fire       3%         N/A       100%        3
 Fulminant Prism          Conj/Hex       6%         3d7       100%        4
 Iskenderun's Mystic Bla  Conj/Tloc      13%        2d5       100%        4
 Disjunction              Tloc           1%         N/A       100%        8


Dungeon Overview and Level Annotations

Branches:
Dungeon (4/15)
 Temple: D:4-7

Altars:
Okawaru

Shops:
D:1 (

Annotations:
D:4 Robin


Message History

Aim: Robin, wielding a +0 spear, wearing a +0 animal skin and wearing a +0 helmet (poisoned, 68% to hit)
You throw a stone.
The stone hits the orc but does no damage.
The goblin hits you but does no damage. The orc hits you with a +0 hand axe.
Robin hits you but does no damage. The goblin barely misses you.
You sock the goblin!
Your weapon exudes an aura of protection.
You kill the goblin!
Okawaru accepts your kill. The orc hits you with a +0 hand axe.
Robin roars a battlecry!
The goblins go into a battle-frenzy!
The orc hits you with a +0 hand axe.
You thump the orc!
You kill the orc!
Okawaru accepts your kill. Robin throws the goblin at you!
The goblin completely misses you. Robin hits you but does no damage.
The goblin hits you with a +0 dagger.
* * * LOW HITPOINT WARNING * * *
Things that are here:
a +0 hand axe; an orc corpse You hit Robin.
Robin is heavily wounded.
The goblin hits you with a +0 dagger.
* * * LOW HITPOINT WARNING * * *
The goblin hits you with a +0 club.
* * * LOW HITPOINT WARNING * * *
Robin hits you with a +0 spear.
* * * LOW HITPOINT WARNING * * *
The goblin hits you but does no damage.
You barely miss Robin.
Robin is severely wounded.
The goblin hits you but does no damage. Robin hits you but does no damage.
The goblin hits you but does no damage. x2
You hit Robin.
Robin is almost dead.
Robin hits you but does no damage. The goblin completely misses you. x2
Robin hits you with a +0 spear.
You die...

#..........# .....
.....⌠..... ..... #..........
...g.. .......... ....g.
#........###
...g(.#########......###.#
.....((.......##)..###...##
........g.....##g###......#
....#((g[...##@#........##
......#..gg...##ggg........#
#...........g.###..........##
#.............# #.....⌠.....#
#............g####..........#
#................#...........
#......>...#####.##........##
#..........# #.##......###
#..........#####g###...###


You could see Robin (poisoned) and 3 goblins.

Vanquished Creatures
  2 orc wizards (D:3)
  4 adders
  A worm (D:2)
  4 dart slugs
  8 orcs
  5 endoplasms
  4 giant cockroaches
  5 hobgoblins (D:1)
  8 kobolds
  3 quokkas
  9 ball pythons
  A bat (D:1)
  5 frilled lizards
  7 goblins
  6 rats
72 creatures vanquished.

Notes
Turn   | Place    | Note
-------+----------+-------------------------------------------
     0 | D:1      | mortz the Human Conjurer began the quest for the Orb.
     0 | D:1      | Reached XP level 1. HP: 13/13 MP: 3/3
    49 | D:1      | Found a faded altar of an unknown god.
   196 | D:1      | Prayed at the altar of an unknown god.
   196 | D:1      | Became a worshipper of Warmaster Okawaru
   196 | D:1      | Reached * piety under Okawaru
   292 | D:1      | Reached XP level 2. HP: 19/19 MP: 1/5
   531 | D:1      | Learned a level 2 spell: Searing Ray
   746 | D:1      | Found Ariwur's Weapon Shoppe.
  1072 | D:1      | Reached XP level 3. HP: 24/24 MP: 1/6
  1905 | D:2      | Got the Grimoire of Displaced Flames
  2433 | D:2      | Reached XP level 4. HP: 30/30 MP: 2/8
  3235 | D:3      | Reached skill level 5 in Conjurations
  3235 | D:3      | Reached XP level 5. HP: 30/35 MP: 6/9
  4103 | D:4      | Noticed Robin
  4143 | D:4      | Slain by Robin

Illustrated notes

Levels and vault maps discovered:
D:1:      mrwooster_arrival_statue_2, layout_loops_corners, serial_shops,
          nicolae_shop_statue_plus, shapermc_ecumenical_altar_mp_highgroup,
          minivault_19
D:2:      layout_loops_corners, patterned_corridor
D:3:      layout_rooms
D:4:      minmay_skewed_foursquare, layout_basic, chequers_ossuary_entry_cave,
          minmay_three_crescents, uniq_robin

Skill      XL: |  1  2  3  4 |
---------------+-------------+-----
Spellcasting   | 3 |  3.4
Conjurations   | 5 |  5.2
Fighting       | |  0.3
Maces & Flails | |  0.7
Armour         | |  0.6
Dodging        | |  2.3
Stealth        | |  2.4

Action                   |  1- 3 |  4- 6 || total
-------------------------+-------+-------++-------
Melee: Unarmed           |     2 |       ||     2
       Flail             |       |    40 ||    40
Throw: Dart              |       |    27 ||    27
       Stone             |       |     1 ||     1
 Cast: Magic Dart        |    67 |    42 ||   109
       Searing Ray       |     6 |     5 ||    11
Armor: Robe              |     1 |       ||     1
       Leather armour    |       |     2 ||     2
       Chain mail        |       |    56 ||    56
Dodge: Dodged            |     8 |    14 ||    22
